 Dungeon Crawl Stone Soup version 0.28-a0-973-ga7f8b01127 (webtiles) character file.

Game seed: 17854537044681793203

41 croobank the Covered (level 3, -3/30 HPs)
             Began as a Demigod Fighter on Dec 2, 2021.
             Slain by a gnoll (6 damage)
             ... on level 2 of the Dungeon.
             The game lasted 00:04:00 (784 turns).

croobank the Covered (Demigod Fighter)               Turns: 784, Time: 00:04:01

Health: -3/30      AC:  6    Str: 17    XL:     3   Next: 16%
Magic:  5/5        EV:  6    Int: 10    God:
Gold:   56         SH:  5    Dex: 17    Spells: 2/2 levels left

rFire   . . .      SeeInvis .   a - +0 long sword
rCold   . . .      Faith    .   c - +0 buckler
rNeg    . . .      Spirit   .   b - +0 scale mail
rPois   .          Reflect  .   (no helmet)
rElec   .          Harm     .   (no cloak)
rCorr   .          Rampage  .   (no gloves)
Will    .....                   (no boots)
Stlth   ..........              (no amulet)
HPRegen 0.10/turn               (no ring)
MPRegen 0.09/turn               (no ring)

@: mighty, constricted
A: high mp 1, forlorn, divine attributes
a: no special abilities


You were on level 2 of the Dungeon.
You visited 1 branch of the dungeon, and saw 2 of its levels.

You collected 56 gold pieces.

Inventory:

Hand Weapons
 a - a +0 long sword (weapon)
 h - a +0 mace
 i - a +0 battleaxe
Missiles
 e - 3 javelins (quivered)
Armour
 b - a +0 scale mail (worn)
 c - a +0 buckler (worn)
Magical Staves
 f - a staff of conjuration
Potions
 g - a potion of brilliance


   Skills:
 - Level 2.9 Fighting
 + Level 2.3 Long Blades
 + Level 3.3 Armour
 - Level 0.3 Dodging
 - Level 2.8 Shields


You had 2 spell levels left.
You didn't know any spells.
Your spell library was empty.

Dungeon Overview and Level Annotations

Branches:
Dungeon (2/15)

Annotations:
D:2 Natasha


Innate Abilities, Weirdness & Mutations

You have an increased reservoir of magic. (+10% MP)
You shall have no god before yourself.
Your divine heritage dramatically boosts your attributes as you level up.


Message History

You have reached level 3!
Your experience leads to a dramatic increase in your attributes!
Increase (S)trength, (I)ntelligence, or (D)exterity?
You feel agile. x4
You start resting.
Natasha, Servant of Life and Death comes into view.
You see here a +0 battleaxe.
i - a +0 battleaxe You start resting.
Natasha is nearby!
Found 15 sling bullets.
Natasha hisses angrily.
A ball python comes into view.
The ball python hisses angrily.
A gnoll comes into view. It is wielding a +0 whip.
An adder comes into view.
The adder hisses angrily.
The gnoll shouts!
A gnoll comes into view. It is wielding a +0 spear.
The gnoll throws a throwing net.
The throwing net hits you.
You become entangled in the net!
The adder moves out of view.
You see here a throwing net.
You tear a large gash into the net.
The gnoll shouts!
You struggle against the net.
A gnoll comes into view. It is wielding a +0 club.
Natasha stares at you and mumbles some strange words.
The magic dart hits you!
* * * LOW HITPOINT WARNING * * *
Okay, then.
You aren't carrying any scrolls.
You feel very mighty all of a sudden.
The gnoll shouts!
The ball python bites you but does no damage.
The ball python grabs you. The ball python constricts you.
A dart slug comes into view.
You shred the net and break free! The ball python bites you.
* * * LOW HITPOINT WARNING * * *
The ball python constricts you.
The gnoll hits you from afar with a +0 spear.
You die...

#......#...#....#
..##.........####
.###.#...#####
...#.#.### ## #......#
... #.#....# ....
#......###### .....
............######......
.#<.>######...h.@S.g....
##...# ########g.....
#..#.# ..... #...#.#
S... #...#.# ... ...##.#
.. ..# .. w .. ## ..


You could see Natasha, 2 gnolls, an adder, a dart slug and a ball python.

Vanquished Creatures
  Natasha (D:2)
  2 dart slugs (D:1)
  An endoplasm (D:1)
  A giant cockroach (D:1)
  A hobgoblin (D:1)
  A quokka (D:1)
  A bat (D:1)
  3 kobolds (D:1)
  5 rats (D:1)
16 creatures vanquished.

Notes
Turn   | Place    | Note
-------+----------+-------------------------------------------
     0 | D:1      | croobank the Demigod Fighter began the quest for the Orb.
     0 | D:1      | Reached XP level 1. HP: 18/18 MP: 3/3
   252 | D:1      | Reached XP level 2. HP: 25/25 MP: 4/4
   273 | D:1      | Reached skill level 3 in Armour
   665 | D:2      | Noticed Natasha
   674 | D:2      | HP: 1/25 [white imp/puff of frost[Natasha] (8)]
   676 | D:2      | Killed Natasha
   677 | D:2      | Reached XP level 3. HP: 2/30 MP: 5/5
   716 | D:2      | Noticed Natasha
   784 | D:2      | Slain by a gnoll

Illustrated notes

Levels and vault maps discovered:
D:1:      dpeg_arrival_connections, layout_basic
D:2:      layout_rooms, nicolae_ecumenical_oubliette, minmay_hexomino_u4,
          uniq_natasha

Skill      XL: |  1  2 |
---------------+-------+-----
Armour         | 3 |  3.3
Long Blades    | 2 |  2.3
Fighting       | |  2.9
Dodging        | |  0.3
Shields        | |  2.8

Action                   || total
-------------------------++-------
Melee: Long sword        ||    41
  Use: Scroll            ||     2
       Potion            ||     2
Armor: Scale mail        ||    20
Dodge: Dodged            ||    18
Block: Buckler           ||    11

Table legend: (Time is in decaauts)
 A = Elapsed time spent in this place.
 B = Non-inter-level travel time spent in this place.
 C = Inter-level travel time spent in this place.
 D = Time resting spent in this place.
 E = Time spent auto-exploring this place.
 F = Levels seen in this place.
 G = Mean time per level.
                   A        B        C        D        E       F      G
               +--------+--------+--------+--------+--------+-----+--------+
         Total |    797 |    783 |     14 |     85 |    490 |   2 |  398.5 |
       Dungeon |    797 |    783 |     14 |     85 |    490 |   2 |  398.5 |
               +--------+--------+--------+--------+--------+-----+--------+

Top non-repeatable levels by time:
     D:1: 660 daAuts
     D:2: 137 daAuts
